 Dungeon Crawl Stone Soup version 0.24-a0-342-gad4687c37d (webtiles) character file.

Game seed: 9356155988634065596

3 mhoghedin the Grave Robber (level 1, -2/13 HPs)
             Began as a Mummy Necromancer on May 21, 2019.
             Slain by a hobgoblin (3 damage)
             ... on level 1 of the Dungeon.
             The game lasted 00:00:24 (39 turns).

mhoghedin the Grave Robber (Mummy Necromancer)        Turns: 39, Time: 00:00:24

Health: -2/13      AC:  2    Str: 11    XL:     1   Next: 41%
Magic:  0/4        EV: 12    Int: 14    God:
Gold:   0          SH:  0    Dex: 12    Spells: 4/5 levels left

rFire    x . .     SeeInvis .   (no weapon)
rCold    + . .     Gourm    .   (no shield)
rNeg     + + +     Faith    .   a - +0 robe
rPois    ∞         Spirit   .   (no helmet)
rElec    .         Reflect  .   (no cloak)
rCorr    .         Harm     .   (no gloves)
MR       .....                  (no boots)
Stlth    ++........             (no amulet)
HPRegen  0.04/turn              (no ring)
MPRegen  0.09/turn              (no ring)

@: no status effects
A: no food or potions, fire vulnerability, cold resistance 1, negative energy
resistance 3, torment resistance, unbreathing
a: no special abilities


You were on level 1 of the Dungeon.
You were not hungry.

You visited 1 branch of the dungeon, and saw 1 of its levels.

Inventory:

Armour
 a - a +0 robe (worn)


   Skills:
 - Level 1.5 Dodging
 - Level 1.5 Stealth
 + Level 2.9 Spellcasting
 + Level 4.1 Necromancy


You had 4 spell levels left.
You knew the following spells:

 Your Spells              Type           Power        Failure   Level  Hunger
a - Pain                  Necr           ##..         4%          1    N/A

Your spell library contained the following spells:

 Spells                   Type           Power        Failure   Level  Hunger
 Animate Skeleton         Necr           N/A          4%          1    N/A
 Vampiric Draining        Necr           ##........   12%         3    N/A
 Animate Dead             Necr           N/A          38%         4    N/A
 Regeneration             Chrm/Necr      Unusable     N/A         3    N/A

Dungeon Overview and Level Annotations

Branches:
Dungeon (1/15)

Altars:


Innate Abilities, Weirdness & Mutations

You do not eat or drink.
Your flesh is vulnerable to fire.
You are immune to poison.
Your flesh is cold resistant. (rC+)
You are immune to negative energy. (rN+++)
You are immune to unholy pain and torment.
You can survive without breathing.


Message History

Welcome, mhoghedin the Mummy Necromancer.
Will you prevail where others failed? Will you find the Orb of Zot?
Found two stairs.
A giant cockroach comes into view.
Unknown command.
A giant cockroach is nearby!
A giant cockroach is nearby!
You open the door.
A jackal comes into view.
There is an open door here.
A bat comes into view.
Aim: a bat (chance to defeat MR: 83%)
The bat barely resists.
The bat misses you.
You now have 3/4 mp.
Aim: a bat (chance to defeat MR: 83%)
The bat writhes in agony.
You kill the bat!
You now have 2/4 mp.
Aim: a jackal (resting, chance to defeat MR: 83%)
The jackal barks!
The jackal writhes in agony.
You kill the jackal!
A jackal comes into view.
You now have 1/4 mp.
Aim: a jackal (hasn't noticed you, chance to defeat MR: 83%)
You miscast Pain.
You are very lightly contaminated with residual magic.
Nothing appears to happen.
The jackal barks!
A hobgoblin comes into view.
You now have 0/4 mp.
There is an open door here.
The jackal barely misses you.
There's a creature in the doorway!
You barely miss the jackal. The jackal closely misses you.
You hit the jackal.
The jackal bites you but does no damage.
The jackal barely misses you.
You hit the jackal but do no damage. The jackal bites you.
You take 3 damage, and have 10/13 hp.
MASSIVE DAMAGE!!
You miss the jackal.
The jackal bites you but does no damage.
The jackal misses you.
Aim: a jackal (lightly wounded, chance to defeat MR: 83%)
The jackal writhes in agony.
The hobgoblin shouts!
The jackal closely misses you.
You now have 0/4 mp.
You barely miss the jackal. The jackal closely misses you.
You barely miss the jackal.
The jackal bites you but does no damage.
The jackal bites you.
You take 1 damage, and have 9/13 hp.
You barely miss the jackal. The jackal closely misses you.
You closely miss the jackal.
The jackal bites you but does no damage.
The jackal bites you.
You take 1 damage, and have 8/13 hp.
You hit the jackal.
You kill the jackal!
You hit the hobgoblin.
The hobgoblin hits you but does no damage.
There is a staircase leading out of the dungeon here.
Your magical contamination has completely faded away.
Aim: a hobgoblin (chance to defeat MR: 83%)
The hobgoblin writhes in agony.
The hobgoblin hits you.
The giant cockroach waves its antennae.
You take 2 damage, and have 6/13 hp.
You now have 0/4 mp.
You hit the hobgoblin but do no damage. The hobgoblin misses you.
You completely miss the hobgoblin. The hobgoblin hits you.
You take 1 damage, and have 5/13 hp.
You hit the hobgoblin but do no damage.
The hobgoblin hits you but does no damage.
You hit the hobgoblin. The hobgoblin closely misses you.
You hit the hobgoblin but do no damage. The hobgoblin hits you.
* * * LOW HITPOINT WARNING * * *
You take 4 damage, and have 1/13 hp.
MASSIVE DAMAGE!!
The hobgoblin hits you.
You die...

.. ### ..#
..####.#
#...g..##
#........
#......#
#########...#
#.g.....#.###
+@..<...†.#
#.......###
#########
#.......#
+s>.>.>.+
#.......#
#########


You could see a giant cockroach and a hobgoblin.

Vanquished Creatures
  2 jackals (D:1)
  A bat (D:1)
3 creatures vanquished.

Notes
Turn   | Place    | Note
-------+----------+-------------------------------------------
     0 | D:1      | mhoghedin the Mummy Necromancer began the quest for the
                  | Orb.
     0 | D:1      | Reached XP level 1. HP: 13/13 MP: 4/4
    37 | D:1      | HP: 1/13 [hobgoblin (4)]
    39 | D:1      | Slain by a hobgoblin

Levels and vault maps discovered:
D:1:      minmay_arrival_up_and_down, layout_rooms, doesnt_xom_only_xom

Action                   || total
-------------------------++-------
Melee: Unarmed           ||    15
 Cast: Pain              ||     5
Armor: Robe              ||     6
Dodge: Dodged            ||    10

Table legend:
 A = Non-vault XP
 B = Vault XP
 C = Vault XP percentage of total XP
 D = Non-vault monster count
 E = Vault monster count
 F = Vault count percentage of total count
                 A         B        C        D         E       F
            +---------+---------+-------+---------+---------+-------
      Total |       5 |       0 |   0.0 |       3 |       0 |   0.0
            +---------+---------+-------+---------+---------+-------
        D:1 |       5 |       0 |   0.0 |       3 |       0 |   0.0
            +---------+---------+-------+---------+---------+-------

Levels and vault maps discovered:
D:1:      minmay_arrival_up_and_down, layout_rooms, doesnt_xom_only_xom

Table legend:
 A = Turns spent in this place as a percentage of turns spent in the entire game.
 B = Non-inter-level travel turns spent in this place as a percentage of non-inter-level travel turns spent in the entire game.
 C = Inter-level travel turns spent in this place as a percentage of turns spent in this place.
 D = Turns resting spent in this place as a percentage of non-inter-level travel turns spent in this place.
 E = Turns spent auto-exploring this place as a percentage of non-inter-level travel turns spent in this place.
 F = Non-inter-level travel turns spent in this place divided by the number of levels of this place that you've seen.
                   A       B       C       D       E      F
               +-------+-------+-------+-------+-------+----------------------
         Total | 100.0 | 100.0 |   0.0 |   0.0 |   0.0 |  39.0
       Dungeon | 100.0 | 100.0 |   0.0 |   0.0 |   0.0 |  39.0
               +-------+-------+-------+-------+-------+----------------------

Table legend:
 A = Kills in this place as a percentage of kills in entire the game.
 B = Kills by you in this place as a percentage of kills by you in the entire game.
 C = Kills by friends in this place as a percentage of kills by friends in the entire game.
 D = Other kills in this place as a percentage of other kills in the entire game.
 E = Experience gained in this place as a percentage of experience gained in the entire game.
 F = Experience gained in this place divided by the number of levels of this place that you have seen.
                   A       B       C       D       E      F
               +-------+-------+-------+-------+-------+----------------------
         Total | 100.0 | 100.0 |   N/A |   N/A | 100.0 |   5.0
       Dungeon | 100.0 | 100.0 |   N/A |   N/A | 100.0 |   5.0
               +-------+-------+-------+-------+-------+----------------------
